Map: Rooftop Terrace

Players

Warking

  • Race: Protoss Protoss
  • Spawn Location: 6:00

Dogel

  • Race: Terran Terran
  • Spawn Location: 7:00

HyodeZ

  • Race: Zerg Zerg
  • Spawn Location: 5:00

Havoc

  • Race: Terran Terran
  • Spawn Location: 6:00

Loken - Winner!

  • Race: Protoss Protoss
  • League: Platinum
  • Spawn Location: 11:00

Myran - Winner!

  • Race: Protoss Protoss
  • Spawn Location: 1:00

dallaskuken - Winner!

  • Race: Protoss Protoss
  • League: Platinum
  • Spawn Location: 12:00

Rugi - Winner!

  • Race: Zerg Zerg
  • League: Master
  • Spawn Location: 12:00

VOD

Have the link to the VOD?

Description

Time

  • Played on: March 13, 2017, 8:01 p.m.
  • Length: 14:17
Show
View Real Time Build Order
Export as new Build Order

Warking Protoss 

Build Orders:  

Get SALT Encoding   

  12  0:02  Probe (Chrono Boost)  
  13  0:12  Probe (Chrono Boost)  
  14  0:21  Pylon  
  14  0:24  Probe (Chrono Boost)  
  15  0:39  Probe (Chrono Boost)  
  16  0:45  Gateway  
  16  0:50  Probe (Chrono Boost)  
  17  1:00  Pylon, Probe (Chrono Boost)  
  18  1:04  Assimilator  
  18  1:11  Assimilator, Probe (Chrono Boost)  
  19  1:22  Probe (Chrono Boost)  
  20  1:32  Probe (Chrono Boost)  
  21  1:36  Cybernetics Core, Zealot  
  23  1:43  Probe (Chrono Boost)  
  24  1:54  Pylon  
  24  2:04  Warp Gate  
  24  2:24  Nexus  
  24  2:28  Stalker  
  26  2:43  Gateway  
  22  4:02  Pylon  
  22  4:24  Assimilator  
  22  4:26  Assimilator  
  22  4:35  Gateway  
  22  4:37  Gateway  
  22  4:41  Pylon  
  22  4:44  Pylon  
  22  5:02  Pylon  
  22  5:27  Pylon  
  22  5:29  Pylon  
  22  5:31  Probe (Chrono Boost)  
  22  5:32  Pylon  
  23  5:42  Probe (Chrono Boost)  
  24  5:52  Probe (Chrono Boost)  
  25  6:03  Probe (Chrono Boost)  
  26  6:09  Gateway  
  26  6:13  Gateway, Probe (Chrono Boost)  
  26  6:15  Gateway  
  26  6:18  Gateway  
  27  6:24  Probe (Chrono Boost)  
  28  6:34  Probe (Chrono Boost)  
  29  6:50  Stalker x2  
  33  7:30  Nexus  
  33  7:34  Pylon  
  33  8:29  Stalker  
  33  8:30  Stalker x3  
  33  8:31  Stalker x2  
  45  9:06  Nexus  
  45  9:08  Pylon  
  45  9:28  Stalker x2  
  45  9:29  Stalker x4  
  57  9:41  Twilight Council  
  57  9:53  Stalker x4  
  57  9:54  Stalker x2  
  69  10:30  Stalker x4  
  69  10:31  Stalker  
  79  10:41  Blink, Probe (Chrono Boost)  
  80  10:44  Probe (Chrono Boost)  
  80  10:47  Probe (Chrono Boost)  
  82  10:51  Assimilator, Probe (Chrono Boost)  
  82  10:56  Assimilator, Probe (Chrono Boost)  
  84  10:58  Probe (Chrono Boost)  
  84  11:02  Probe (Chrono Boost)  
  86  11:08  Probe x2 (Chrono Boost)  
  86  11:09  Forge  
  86  11:11  Forge  
  88  11:12  Pylon, Probe (Chrono Boost)  
  89  11:19  Probe (Chrono Boost)  
  89  11:20  Probe (Chrono Boost)  
  89  11:23  Probe (Chrono Boost)  
  92  11:29  Probe (Chrono Boost)  
  92  11:32  Probe (Chrono Boost)  
  76  13:29  Stalker  
  76  13:30  Stalker x4  
  76  13:31  Stalker  
  88  13:47  Probe (Chrono Boost)  
  89  13:54  Stalker  
  89  13:55  Stalker x5  
  97  13:57  Probe (Chrono Boost)  
Show
View Real Time Build Order
Export as new Build Order

Dogel Terran 

Build Orders:  

Get SALT Encoding   

  12  0:02  SCV  
  13  0:14  SCV  
  13  0:21  Supply Depot  
  14  0:26  SCV  
  16  0:42  SCV  
  16  0:44  Barracks  
  16  0:55  SCV  
  17  1:06  Refinery  
  17  1:07  SCV  
  18  1:19  SCV  
  19  1:32  Orbital Command  
  19  1:55  Supply Depot  
  19  1:57  Marine  
  20  2:04  SCV  
  21  2:11  Refinery  
  21  2:15  Marine  
  22  2:16  SCV  
  22  2:18  Supply Depot  
  22  2:21  Factory  
  23  2:28  SCV  
  24  2:33  Marine  
  25  2:41  SCV  
  26  2:51  Marine  
  27  2:53  SCV  
  27  2:54  Engineering Bay  
  28  3:10  Command Center  
  28  3:12  Factory Tech Lab  
  28  3:18  Armory  
  28  3:48  Supply Depot  
  28  4:10  Supply Depot  
  28  4:11  Missile Turret  
  28  4:12  Thor  
  34  4:25  Barracks Reactor  
  34  4:27  Terran Vehicle Weapons Level 1  
  34  4:32  SCV, Missile Turret  
  34  4:34  Orbital Command  
  35  4:39  Refinery  
  35  4:59  Missile Turret  
  35  5:07  Thor  
  41  5:15  SCV  
  41  5:16  SCV  
  41  5:20  Missile Turret  
  43  5:27  SCV  
  43  5:28  SCV  
  45  5:39  SCV  
  45  5:40  SCV  
  47  5:50  Thor  
  47  5:52  SCV x2, Barracks Tech Lab  
  55  6:04  Refinery, SCV x2  
  57  6:22  Terran Vehicle And Ship Armor Level 1  
  57  6:24  Marauder, Factory  
  59  6:25  Armory  
  59  6:26  Combat Shields  
  59  6:38  Thor  
  65  6:45  Marauder  
  67  7:06  Marine  
  68  7:10  Factory Tech Lab, Command Center  
  68  7:24  Marine  
  69  7:34  Supply Depot  
  69  7:36  Supply Depot  
  69  7:37  Supply Depot  
  69  7:38  Supply Depot  
  69  7:42  Marine  
  70  7:59  Thor  
  70  8:00  Thor  
  70  8:04  Supply Depot  
  82  8:06  Supply Depot  
  82  8:09  Supply Depot  
  82  8:11  Supply Depot  
  82  8:30  Supply Depot x2  
  82  8:34  Supply Depot  
  82  8:37  Supply Depot  
  82  8:42  Thor x2  
  94  9:25  Terran Vehicle Weapons Level 2, Thor x2, Terran Vehicle And Ship Armor Level 2  
  106  9:31  Refinery  
  106  9:32  Orbital Command  
  106  9:41  Refinery  
  106  10:08  Thor x2  
  116  10:45  Marine x2  
  116  10:48  Terran Infantry Weapons Level 1  
  118  10:51  Thor x2  
  130  10:58  Missile Turret  
  130  11:01  Missile Turret  
  130  11:02  Missile Turret  
  130  11:03  Marine x2  
  132  11:05  Missile Turret  
  132  11:06  Missile Turret  
  132  11:20  Missile Turret, Marine  
  132  11:21  Marine  
  132  11:23  Missile Turret  
  134  11:38  Marine x2  
  53  12:41  Thor x2  
Show
View Real Time Build Order
Export as new Build Order

HyodeZ Zerg 

Build Orders: Hatch First 

Get SALT Encoding   

  12  0:02  Drone  
  13  0:14  Drone  
  14  0:17  Overlord  
  14  0:22  Extractor  
  14  0:23  Drone  
  15  0:42  Drone  
  16  0:44  Drone  
  17  0:58  Hatchery  
  17  1:04  Drone  
  17  1:15  Spawning Pool, Drone  
  17  1:22  Extractor  
  16  1:31  Drone x3  
  19  1:53  Overlord x2  
  19  2:04  Zergling x2  
  19  2:05  Queen  
  22  2:10  Queen  
  25  2:15  Zergling x4  
  25  2:22  Metabolic Boost  
  25  2:33  Zergling x6  
  28  2:41  Spine Crawler  
  27  2:49  Evolution Chamber  
  26  3:00  Zergling x10  
  25  3:34  Zergling x2  
  25  3:35  Zergling x16  
  30  3:48  Spine Crawler  
  29  3:51  Zergling x4  
  31  4:01  Zergling x4  
  33  4:05  Zerg Melee Weapons Level 1  
  33  4:10  Zergling x2  
  34  4:19  Zergling x4  
  36  4:25  Drone x2  
  36  4:30  Drone  
  39  4:33  Drone  
  39  4:36  Drone  
  41  4:45  Drone  
  42  4:46  Drone  
  43  5:02  Zergling x2  
  43  5:04  Overlord x2  
  44  5:10  Extractor  
  44  5:32  Zergling x2  
  44  5:33  Zergling x16  
  53  5:46  Drone x4  
  57  5:59  Zerg Ground Armor Level 1  
  57  6:02  Lair  
  57  6:03  Drone, Evolution Chamber  
  57  6:04  Drone x2  
  59  6:35  Drone  
  59  6:38  Overlord x3, Extractor  
  59  6:39  Extractor  
  58  6:42  Spore Crawler  
  58  6:44  Spore Crawler  
  56  6:48  Drone, Spore Crawler  
  56  6:50  Zergling x8  
  60  7:00  Zerg Melee Weapons Level 2  
  60  7:05  Drone x5  
  65  7:22  Drone x2  
  67  7:23  Drone x5  
  72  7:41  Infestation Pit  
  71  7:48  Drone x2  
  73  7:53  Zerg Ground Armor Level 2  
  73  8:05  Zergling x14  
  74  8:06  Zergling x4  
  82  8:19  Overlord  
  82  8:28  Overlord  
  82  8:32  Overlord  
  82  8:33  Overlord  
  71  8:49  Hive  
  71  8:53  Extractor  
  61  9:24  Drone x2  
  63  9:33  Drone  
  63  10:04  Ultralisk Cavern  
  59  10:37  Queen  
  61  10:43  Hatchery  
  60  10:54  Zerg Melee Weapons Level 3  
  60  10:55  Zerg Ground Armor Level 3  
  60  10:56  Ultralisk  
  90  10:57  Ultralisk x4  
  90  10:59  Zergling x12  
  96  11:14  Adrenal Glands  
  96  11:26  Zergling x2  
  96  11:27  Zergling x10  
  96  11:28  Chitinous Plating  
  108  11:47  Ultralisk  
  108  11:48  Overlord x2  
  108  11:51  Overseer  
  108  11:55  Overseer  
  108  12:01  Drone  
  109  12:16  Drone x3  
  109  12:18  Extractor  
  109  12:22  Extractor  
  110  12:23  Drone x7  
  117  12:34  Spore Crawler  
  116  12:40  Spore Crawler  
  116  12:42  Spore Crawler  
  114  12:46  Ultralisk  
  114  12:47  Ultralisk  
  126  12:59  Ultralisk x2  
  126  13:02  Overlord  
Show
View Real Time Build Order
Export as new Build Order

Havoc Terran 

Build Orders: MMM Bio 

Get SALT Encoding   

  12  0:01  SCV  
  13  0:13  SCV  
  14  0:21  Supply Depot  
  14  0:25  SCV  
  15  0:43  SCV, Barracks  
  16  0:55  SCV  
  17  0:59  Barracks  
  17  1:06  Refinery  
  17  1:10  Refinery  
  17  1:12  SCV  
  18  1:24  SCV  
  19  1:36  Orbital Command  
  19  1:41  Supply Depot  
  19  1:48  Reaper  
  20  1:57  Reaper  
  21  2:02  SCV  
  22  2:14  SCV  
  23  2:20  Reaper  
  24  2:29  Reaper  
  25  2:35  Command Center  
  25  2:40  SCV  
  26  2:48  Supply Depot  
  26  2:52  SCV  
  26  2:54  Reaper  
  28  3:02  Reaper  
  29  3:10  Barracks  
  29  3:20  Factory  
  29  3:21  Engineering Bay  
  29  3:33  SCV  
  30  3:39  Barracks Tech Lab  
  30  3:43  Barracks Reactor  
  30  3:45  SCV  
  31  3:56  Terran Infantry Weapons Level 1  
  31  3:57  SCV x2  
  31  3:59  Barracks Reactor  
  33  4:03  Combat Shields  
  33  4:09  SCV  
  34  4:10  SCV  
  35  4:21  SCV  
  34  4:34  Marine x2  
  34  4:35  Marauder  
  37  5:03  SCV  
  38  5:09  Orbital Command  
  38  5:11  Refinery x2  
  38  5:19  Command Center  
  38  5:23  Starport, Stimpack, Marine x2  
  38  5:24  Marine x2  
  38  5:25  Marauder  
  44  5:30  SCV  
  45  5:42  SCV  
  46  5:43  SCV  
  47  5:51  Marine x2  
  47  5:52  Marine x2  
  47  5:53  Marauder  
  47  5:54  SCV  
  54  6:05  Starport Reactor  
  54  6:26  SCV  
  54  6:30  SCV  
  53  6:35  Orbital Command  
  53  6:38  Refinery, SCV  
  54  6:40  Terran Infantry Armor Level 1  
  54  6:42  SCV  
  54  6:43  Armory  
  55  6:47  Medivac x2, Engineering Bay  
  55  6:50  SCV  
  55  6:52  Marine x2  
  55  6:53  Marine x2  
  66  6:54  Marauder  
  66  7:01  Refinery  
  66  7:03  SCV x3  
  69  7:11  Supply Depot  
  69  7:12  Supply Depot  
  69  7:24  Concussive Shells  
  69  7:32  SCV x3, Medivac x2  
  69  7:33  Supply Depot  
  69  7:35  Terran Infantry Weapons Level 2, Supply Depot  
  76  7:37  Marine x2  
  76  7:38  Marine x2  
  76  7:39  Marauder  
  82  7:49  SCV x3  
  85  7:53  Supply Depot  
  85  7:57  Marine x2, Supply Depot  
  85  7:58  Marine x2  
  89  8:00  Marauder, Supply Depot  
  89  8:01  SCV x3  
  89  8:02  Medivac x2  
  98  8:13  SCV  
  98  8:16  Marine, Supply Depot  
  98  8:17  Marine x3  
  103  8:21  Marauder  
  105  8:38  Supply Depot  
  101  9:14  Marine x4  
  101  9:16  Marauder, Terran Infantry Armor Level 2  
  107  9:18  Medivac x2  
  111  9:27  Barracks x2  
  111  9:28  Barracks, Supply Depot  
  111  9:31  Supply Depot  
  111  9:33  Marine  
  111  9:34  Marine x3  
  111  9:37  Marine  
  116  9:45  Command Center  
  116  9:51  Marine x2  
  116  9:52  Marine, Supply Depot  
  119  9:55  Marauder, Supply Depot  
  121  10:01  Terran Infantry Weapons Level 3  
  121  10:03  Marine  
  122  10:08  Medivac x2  
  122  10:09  Marine  
  122  10:11  Marine x2  
  129  10:16  Marauder  
  129  10:18  Supply Depot  
  131  10:38  Marauder, Medivac x2  
  131  10:41  Barracks Reactor, Barracks Tech Lab x2  
  137  10:46  Marine x3  
  137  10:47  Marine  
  141  10:56  Terran Vehicle And Ship Armor Level 1, Supply Depot  
  141  10:59  Marauder  
  141  11:00  Supply Depot  
  141  11:01  Marauder x2  
  147  11:04  Marine x4  
  147  11:08  Medivac x2  
  155  11:14  SCV x3  
  155  11:16  Planetary Fortress  
  158  11:20  Marauder, Supply Depot  
  158  11:22  Marine  
  158  11:23  Marine x5  
  158  11:24  Marauder  
  158  11:25  Marauder  
  170  11:34  Terran Infantry Armor Level 3  
  170  11:38  Medivac x2  
  174  11:40  Marine  
  174  11:41  Marine x5  
  174  11:42  Marauder  
  84  12:24  Marine x5  
  84  12:25  Marauder, Marine  
  84  12:26  Marauder x2  
  84  12:28  Medivac x2  
  98  12:42  Marine x6  
  104  12:47  Marauder x3  
  110  13:04  Marine x2  
  110  13:05  Marine x4  
  115  13:08  Marine x3  
  119  13:22  Marine x2  
  119  13:23  Marine  
  119  13:26  Marauder x2  
Show
View Real Time Build Order
Export as new Build Order

Loken Protoss - Winner!

Build Orders: Nexus First 

Get SALT Encoding   

  12  0:01  Probe (Chrono Boost)  
  13  0:12  Probe (Chrono Boost)  
  14  0:22  Probe (Chrono Boost)  
  14  0:23  Pylon  
  15  0:42  Probe (Chrono Boost)  
  16  0:52  Probe (Chrono Boost)  
  18  1:04  Probe (Chrono Boost)  
  18  1:05  Nexus  
  18  1:15  Gateway  
  18  1:17  Probe (Chrono Boost)  
  19  1:28  Probe (Chrono Boost)  
  20  1:38  Probe (Chrono Boost)  
  21  1:41  Pylon  
  21  1:49  Probe (Chrono Boost)  
  21  1:53  Pylon  
  22  1:57  Assimilator  
  22  1:59  Assimilator, Probe (Chrono Boost)  
  23  2:04  Cybernetics Core  
  23  2:10  Probe (Chrono Boost)  
  24  2:18  Probe (Chrono Boost)  
  24  2:20  Probe (Chrono Boost)  
  26  2:28  Probe (Chrono Boost)  
  27  2:31  Probe (Chrono Boost)  
  28  2:39  Probe (Chrono Boost)  
  28  2:41  Assimilator  
  28  2:42  Probe (Chrono Boost)  
  30  2:44  Assimilator  
  30  2:49  Warp Gate, Probe (Chrono Boost)  
  31  2:52  Probe (Chrono Boost)  
  32  3:00  Probe (Chrono Boost)  
  32  3:03  Probe (Chrono Boost)  
  34  3:09  Stargate  
  34  3:12  Probe (Chrono Boost)  
  35  3:15  Probe (Chrono Boost)  
  36  3:23  Probe (Chrono Boost)  
  36  3:25  Probe (Chrono Boost)  
  38  3:33  Probe (Chrono Boost)  
  39  3:36  Probe (Chrono Boost)  
  40  3:44  Stargate, Probe (Chrono Boost)  
  40  3:46  Stargate, Probe (Chrono Boost)  
  42  3:52  Pylon  
  42  3:54  Probe (Chrono Boost)  
  43  3:57  Probe (Chrono Boost)  
  43  3:59  Void Ray  
  48  4:05  Probe (Chrono Boost)  
  49  4:10  Pylon  
  49  4:15  Probe (Chrono Boost)  
  50  4:26  Pylon  
  50  4:28  Protoss Air Weapons Level 1  
  50  4:29  Void Ray  
  54  4:32  Void Ray  
  58  4:45  Void Ray  
  62  4:57  Nexus  
  62  5:03  Pylon  
  62  5:07  Pylon  
  62  5:10  Pylon  
  62  5:12  Void Ray  
  62  5:14  Pylon  
  66  5:20  Void Ray  
  70  5:28  Void Ray  
  74  5:55  Void Ray  
  78  6:02  Void Ray  
  78  6:04  Assimilator  
  82  6:05  Assimilator  
  82  6:12  Forge  
  82  6:15  Probe (Chrono Boost)  
  82  6:16  Probe (Chrono Boost)  
  82  6:17  Probe (Chrono Boost)  
  85  6:26  Probe x2 (Chrono Boost)  
  85  6:29  Probe (Chrono Boost)  
  88  6:36  Probe (Chrono Boost)  
  88  6:37  Probe (Chrono Boost)  
  88  6:38  Void Ray  
  88  6:39  Void Ray  
  91  6:41  Probe (Chrono Boost)  
  99  6:48  Probe x2 (Chrono Boost), Protoss Air Armor Level 1  
  99  6:49  Void Ray  
  99  6:53  Probe (Chrono Boost)  
  102  7:00  Probe x2 (Chrono Boost)  
  108  7:05  Probe (Chrono Boost)  
  108  7:07  Pylon  
  109  7:10  Pylon  
  109  7:13  Pylon  
  109  7:16  Void Ray x2  
  109  7:20  Pylon  
  117  7:27  Void Ray  
  121  7:52  Cybernetics Core  
  121  7:56  Void Ray  
  121  7:57  Probe x2 (Chrono Boost), Void Ray  
  121  7:58  Probe (Chrono Boost)  
  124  8:04  Void Ray  
  136  8:13  Fleet Beacon  
  136  8:30  Pylon x2  
  136  8:32  Pylon  
  136  8:34  Void Ray x2  
  136  8:35  Pylon  
  144  8:41  Void Ray  
  148  8:49  Protoss Air Weapons Level 2, Protoss Air Armor Level 2  
  148  9:11  Void Ray x2  
  148  9:18  Void Ray  
  148  9:21  Pylon  
  148  9:22  Pylon  
  148  9:23  Pylon  
  156  9:25  Pylon  
  160  9:38  Photon Cannon  
  160  9:39  Photon Cannon  
  160  9:42  Photon Cannon, Protoss Shields Level 1  
  160  9:43  Photon Cannon  
  160  9:47  Photon Cannon  
  160  9:50  Photon Cannon  
  160  9:54  Void Ray x2  
  160  9:56  Photon Cannon  
  160  9:58  Void Ray  
  168  10:00  Photon Cannon  
  168  10:03  Photon Cannon  
  172  10:21  Stargate  
  172  10:22  Stargate  
  172  10:42  Void Ray x2  
  172  10:44  Void Ray  
  184  11:06  Protoss Air Weapons Level 3  
  184  11:09  Void Ray x2  
  192  11:25  Protoss Air Armor Level 3, Void Ray x2  
Show
View Real Time Build Order
Export as new Build Order

Myran Protoss - Winner!

Build Orders: Cannon Rush 

Get SALT Encoding   

  12  0:02  Probe (Chrono Boost)  
  13  0:14  Probe (Chrono Boost)  
  14  0:25  Probe (Chrono Boost)  
  15  0:35  Pylon  
  15  0:53  Probe (Chrono Boost)  
  15  0:55  Forge  
  16  1:05  Pylon  
  16  1:09  Probe (Chrono Boost)  
  17  1:21  Gateway  
  17  1:32  Photon Cannon  
  17  1:37  Pylon  
  17  1:48  Probe (Chrono Boost)  
  18  1:58  Photon Cannon, Probe (Chrono Boost)  
  18  1:59  Photon Cannon  
  19  2:09  Zealot, Probe (Chrono Boost)  
  19  2:15  Assimilator  
  22  2:19  Probe (Chrono Boost)  
  23  2:32  Pylon  
  23  2:52  Photon Cannon  
  23  2:55  Pylon  
  23  3:06  Photon Cannon  
  23  3:11  Probe (Chrono Boost)  
  24  3:18  Photon Cannon  
  24  3:22  Probe (Chrono Boost)  
  25  3:31  Photon Cannon  
  25  3:37  Pylon  
  25  3:44  Photon Cannon  
  25  4:04  Nexus  
  25  4:08  Probe (Chrono Boost)  
  26  4:19  Probe (Chrono Boost)  
  27  4:29  Zealot  
  27  4:30  Probe (Chrono Boost)  
  30  4:40  Probe (Chrono Boost)  
  31  4:53  Gateway  
  31  4:54  Gateway  
  31  4:56  Zealot  
  31  4:58  Cybernetics Core  
  31  5:06  Pylon  
  31  5:08  Pylon  
  31  5:14  Photon Cannon  
  31  5:19  Probe (Chrono Boost)  
  32  5:30  Probe (Chrono Boost), Nexus  
  32  5:33  Probe (Chrono Boost)  
  34  5:40  Probe (Chrono Boost)  
  35  5:48  Pylon  
  35  5:51  Probe (Chrono Boost)  
  35  5:56  Probe (Chrono Boost)  
  37  6:00  Assimilator  
  37  6:01  Probe (Chrono Boost)  
  36  6:07  Probe (Chrono Boost)  
  32  6:12  Probe (Chrono Boost)  
  31  6:22  Probe (Chrono Boost)  
  31  6:24  Probe (Chrono Boost)  
  31  6:34  Pylon  
  31  6:35  Probe (Chrono Boost)  
  31  6:38  Pylon  
  32  6:45  Probe (Chrono Boost)  
  33  6:51  Probe (Chrono Boost)  
  34  6:56  Probe (Chrono Boost)  
  35  7:02  Probe (Chrono Boost)  
  35  7:03  Pylon  
  35  7:07  Probe (Chrono Boost)  
  37  7:12  Probe (Chrono Boost)  
  38  7:17  Probe (Chrono Boost)  
  38  7:18  Probe (Chrono Boost)  
  40  7:23  Probe (Chrono Boost)  
  40  7:28  Probe (Chrono Boost)  
  40  7:29  Pylon, Probe (Chrono Boost)  
  43  7:33  Probe (Chrono Boost)  
  44  7:38  Photon Cannon  
  44  7:39  Probe (Chrono Boost)  
  44  7:43  Photon Cannon, Pylon  
  46  7:44  Probe (Chrono Boost)  
  46  7:50  Probe (Chrono Boost)  
  47  7:54  Probe (Chrono Boost)  
  48  7:58  Assimilator  
  48  8:00  Assimilator, Probe (Chrono Boost)  
  48  8:05  Probe (Chrono Boost)  
  50  8:08  Probe (Chrono Boost)  
  50  8:11  Probe (Chrono Boost)  
  52  8:13  Stargate  
  52  8:14  Stargate  
  52  8:16  Stargate  
  52  8:17  Photon Cannon  
  52  8:18  Probe (Chrono Boost)  
  53  8:21  Photon Cannon, Probe (Chrono Boost)  
  53  8:24  Photon Cannon  
  54  8:29  Probe (Chrono Boost)  
  54  8:32  Probe (Chrono Boost)  
  56  8:39  Probe (Chrono Boost)  
  57  8:43  Assimilator, Probe (Chrono Boost)  
  58  8:56  Photon Cannon  
  58  8:58  Photon Cannon  
  58  9:01  Photon Cannon  
  58  9:07  Pylon  
  58  9:08  Pylon  
  58  9:13  Probe (Chrono Boost)  
  58  9:16  Probe (Chrono Boost)  
  60  9:23  Probe (Chrono Boost), Void Ray x3  
  73  9:27  Probe (Chrono Boost)  
  74  9:36  Warp Gate  
  74  9:37  Cybernetics Core, Probe (Chrono Boost)  
  75  9:41  Pylon  
  75  9:44  Pylon, Probe (Chrono Boost)  
  76  9:53  Nexus  
  76  9:54  Probe (Chrono Boost)  
  77  10:05  Void Ray  
  77  10:06  Void Ray x2  
  70  10:22  Fleet Beacon  
  70  10:34  Protoss Air Armor Level 1  
  70  10:43  Stalker  
  70  10:48  Void Ray x3  
  84  10:51  Probe (Chrono Boost)  
  85  11:17  Nexus  
  85  11:19  Pylon, Protoss Air Weapons Level 1  
  85  11:21  Graviton Catapult, Pylon  
  85  11:24  Assimilator  
  85  11:28  Assimilator  
  85  11:31  Carrier  
  91  11:33  Pylon  
  91  11:39  Carrier  
  98  11:47  Probe (Chrono Boost)  
  96  12:15  Carrier  
  100  12:38  Probe (Chrono Boost)  
  101  12:48  Probe (Chrono Boost)  
  108  12:59  Probe (Chrono Boost)  
  115  13:09  Probe (Chrono Boost)  
  116  13:20  Probe (Chrono Boost)  
Show
View Real Time Build Order
Export as new Build Order

dallaskuken Protoss - Winner!

Build Orders: Cannon Rush 

Get SALT Encoding   

  12  0:02  Probe (Chrono Boost)  
  13  0:12  Probe (Chrono Boost)  
  14  0:21  Pylon  
  14  0:27  Probe (Chrono Boost)  
  15  0:41  Pylon  
  15  0:45  Probe (Chrono Boost)  
  16  0:54  Forge  
  16  1:03  Probe (Chrono Boost)  
  17  1:13  Probe (Chrono Boost)  
  18  1:24  Pylon  
  18  1:30  Photon Cannon  
  18  1:33  Photon Cannon  
  18  1:44  Photon Cannon  
  18  1:49  Pylon  
  18  1:52  Probe (Chrono Boost)  
  19  2:02  Pylon  
  19  2:03  Probe (Chrono Boost)  
  20  2:13  Photon Cannon  
  20  2:22  Photon Cannon  
  20  2:33  Pylon  
  20  2:38  Photon Cannon  
  20  2:41  Photon Cannon  
  20  2:51  Pylon  
  20  3:11  Photon Cannon  
  20  3:14  Photon Cannon  
  21  3:20  Probe (Chrono Boost)  
  21  3:30  Nexus  
  21  3:55  Gateway  
  21  4:06  Pylon  
  21  4:09  Pylon  
  22  4:10  Probe (Chrono Boost)  
  22  4:20  Probe (Chrono Boost)  
  23  4:31  Probe (Chrono Boost)  
  24  4:32  Photon Cannon  
  24  4:34  Photon Cannon  
  24  4:36  Photon Cannon  
  24  4:41  Probe (Chrono Boost)  
  24  4:52  Probe (Chrono Boost)  
  23  5:10  Probe (Chrono Boost)  
  24  5:18  Assimilator  
  24  5:20  Probe (Chrono Boost)  
  25  5:23  Assimilator  
  25  5:28  Cybernetics Core  
  25  5:31  Probe (Chrono Boost)  
  26  5:37  Pylon  
  26  5:41  Pylon, Probe (Chrono Boost)  
  27  5:52  Probe (Chrono Boost)  
  28  5:59  Probe (Chrono Boost)  
  28  6:03  Photon Cannon, Probe (Chrono Boost)  
  30  6:04  Photon Cannon  
  30  6:07  Photon Cannon  
  30  6:09  Probe (Chrono Boost)  
  31  6:13  Probe (Chrono Boost)  
  32  6:20  Probe (Chrono Boost)  
  33  6:30  Probe (Chrono Boost)  
  34  6:38  Probe (Chrono Boost)  
  35  6:41  Probe (Chrono Boost)  
  36  6:49  Probe (Chrono Boost)  
  36  6:51  Probe (Chrono Boost)  
  36  6:53  Stargate  
  38  6:56  Assimilator  
  38  6:58  Assimilator  
  38  6:59  Probe (Chrono Boost)  
  39  7:10  Probe (Chrono Boost)  
  40  7:34  Nexus  
  40  7:37  Pylon  
  40  7:39  Pylon  
  40  7:41  Oracle  
  43  7:47  Probe (Chrono Boost)  
  44  7:58  Probe (Chrono Boost)  
  45  8:05  Photon Cannon  
  45  8:07  Photon Cannon  
  45  8:08  Probe (Chrono Boost)  
  45  8:09  Photon Cannon  
  45  8:11  Photon Cannon  
  46  8:16  Stargate  
  46  8:17  Stargate  
  46  8:19  Stargate, Probe (Chrono Boost)  
  47  8:25  Assimilator  
  47  8:27  Assimilator  
  47  8:29  Probe (Chrono Boost)  
  48  8:40  Probe (Chrono Boost)  
  49  8:50  Probe (Chrono Boost)  
  50  9:01  Probe (Chrono Boost)  
  48  9:24  Probe (Chrono Boost)  
  49  9:35  Probe (Chrono Boost)  
  50  9:41  Phoenix x2  
  50  9:42  Phoenix x2  
  59  9:45  Probe (Chrono Boost)  
  59  9:53  Fleet Beacon  
  59  9:56  Probe (Chrono Boost)  
  60  10:06  Phoenix x2  
  64  10:07  Phoenix x2  
  68  10:31  Phoenix x2  
  68  10:32  Phoenix  
  74  10:44  Probe (Chrono Boost)  
  75  10:52  Protoss Air Weapons Level 1  
  75  10:54  Probe (Chrono Boost)  
  76  11:05  Gateway x2, Probe (Chrono Boost)  
  76  11:07  Gateway  
  77  11:11  Gateway  
  77  11:13  Gateway  
  77  11:22  Photon Cannon x2  
  77  11:23  Phoenix x2  
  77  11:24  Phoenix x2, Photon Cannon  
  85  11:48  Phoenix  
  85  11:49  Phoenix x2  
  83  12:50  Phoenix x3  
  69  13:34  Phoenix  
  69  13:35  Phoenix x2  
Show
View Real Time Build Order
Export as new Build Order

Rugi Zerg - Winner!

Build Orders: Hatch First, Lurkers 

Get SALT Encoding   

  12  0:01  Drone  
  13  0:13  Overlord  
  13  0:18  Drone  
  14  0:31  Drone  
  14  0:32  Drone  
  14  0:35  Drone  
  17  0:53  Hatchery  
  17  0:56  Drone  
  17  0:59  Drone  
  18  1:07  Drone, Extractor  
  18  1:18  Spawning Pool  
  17  1:21  Drone  
  18  1:29  Drone  
  19  1:41  Overlord  
  19  1:59  Drone  
  20  2:06  Metabolic Boost  
  20  2:08  Queen x2  
  20  2:09  Zergling x4  
  20  2:13  Drone  
  27  2:16  Drone  
  28  2:23  Drone  
  28  2:27  Drone  
  30  2:36  Drone  
  31  2:40  Drone  
  31  2:44  Drone  
  33  2:49  Hatchery  
  33  2:51  Drone  
  33  2:55  Overlord  
  33  2:59  Queen  
  33  3:04  Drone  
  36  3:08  Overlord  
  36  3:14  Drone  
  36  3:18  Zergling x2  
  38  3:23  Drone x2  
  38  3:24  Drone x4  
  44  3:31  Drone  
  44  3:32  Drone  
  46  3:38  Drone  
  47  3:43  Drone  
  48  3:48  Extractor  
  48  3:49  Lair  
  48  3:50  Drone  
  48  3:53  Zergling x2  
  47  3:57  Zergling x6  
  47  3:58  Zergling x2  
  47  4:01  Zergling x2  
  52  4:03  Queen  
  52  4:04  Queen  
  52  4:07  Drone x2  
  52  4:08  Overlord  
  58  4:11  Extractor  
  58  4:12  Drone  
  58  4:13  Overlord  
  58  4:20  Extractor  
  53  4:28  Zergling x2  
  53  4:29  Zergling x12  
  58  4:43  Drone x3  
  61  4:59  Drone  
  62  5:01  Drone x2  
  62  5:02  Drone x4  
  68  5:08  Hatchery  
  68  5:13  Hydralisk Den  
  68  5:14  Drone  
  67  5:15  Evolution Chamber  
  66  5:30  Drone x3  
  66  5:31  Drone  
  66  5:32  Drone x3  
  66  5:33  Overlord x2  
  73  5:36  Overlord  
  73  5:46  Muscular Augments  
  73  5:48  Zerg Melee Weapons Level 1  
  73  5:51  Baneling Nest  
  72  5:59  Drone x8  
  72  6:00  Drone  
  72  6:02  Extractor x2  
  79  6:17  Drone  
  80  6:34  Hydralisk  
  80  6:35  Hydralisk x6  
  80  6:36  Centrifical Hooks  
  80  6:38  Zergling x2  
  80  6:39  Zergling x10  
  100  6:41  Baneling  
  100  6:42  Baneling x6  
  100  6:43  Baneling  
  100  6:44  Baneling  
  100  6:55  Drone x3  
  100  6:57  Overlord x2  
  103  7:01  Lurker Den  
  103  7:08  Hatchery  
  102  7:14  Overlord x3  
  102  7:17  Hydralisk x3  
  108  7:34  Hydralisk  
  108  7:35  Hydralisk x7  
  124  7:43  Evolution Chamber  
  123  7:44  Evolution Chamber  
  123  7:51  Zerg Ground Armor Level 1  
  122  7:54  Drone  
  122  7:55  Drone x7  
  122  7:57  Infestation Pit  
  130  7:58  Drone x2  
  130  7:59  Drone  
  130  8:00  Drone  
  130  8:02  Drone  
  134  8:08  Drone, Spore Crawler  
  134  8:10  Drone  
  134  8:11  Spine Crawler  
  134  8:13  Drone  
  134  8:15  Spine Crawler  
  134  8:17  Spore Crawler  
  133  8:21  Spine Crawler  
  133  8:23  Drone  
  133  8:37  Drone  
  133  8:39  Spore Crawler  
  133  8:41  Spore Crawler  
  133  8:44  Spore Crawler  
  133  8:45  Spine Crawler  
  133  8:47  Spine Crawler  
  129  8:48  Spine Crawler  
  129  8:49  Drone  
  129  8:50  Drone x3  
  129  8:51  Drone  
  129  8:54  Lurker x2  
  129  8:55  Lurker x8  
  143  9:01  Spine Crawler  
  143  9:02  Spore Crawler  
  141  9:03  Drone, Spore Crawler  
  141  9:04  Drone, Spore Crawler  
  141  9:05  Spine Crawler, Drone  
  141  9:06  Drone  
  142  9:10  Overlord  
  142  9:28  Overlord x3  
  142  9:29  Drone x2  
  144  9:34  Drone x5  
  144  9:36  Overlord  
  144  9:37  Overlord  
  149  9:43  Hive  
  149  9:45  Zerg Melee Weapons Level 2  
  149  9:47  Zerg Missile Weapons Level 1  
  149  9:48  Zerg Ground Armor Level 2  
  149  9:52  Overseer  
  149  9:53  Hatchery  
  149  9:57  Pneumatized Carapace  
  148  10:05  Drone x4  
  148  10:06  Extractor x2  
  150  10:11  Spore Crawler  
  150  10:13  Spore Crawler  
  150  10:14  Spore Crawler  
  147  10:15  Spore Crawler  
  147  10:16  Spore Crawler  
  145  10:48  Spore Crawler  
  145  10:49  Spore Crawler  
  144  10:50  Drone x4  
  144  10:56  Spine Crawler  
  146  10:59  Drone x4  
  146  11:00  Drone  
  151  11:13  Spire  
  151  11:14  Overlord x2  
  139  11:57  Hydralisk x3  
  139  11:58  Hydralisk x23  
  179  12:06  Hydralisk  
  181  12:09  Overlord x3  
  181  12:10  Overlord x4  
  181  12:13  Hatchery  
  180  12:17  Zergling x2  
  180  12:18  Zergling x2  
  180  12:19  Overlord x2  
  168  12:44  Lurker x3  
  168  12:45  Lurker x5  
  168  12:46  Hydralisk  
  168  12:47  Hydralisk x11  
  168  12:49  Overlord  
  168  12:50  Overlord  
  200  13:00  Spire  
  200  13:01  Spire  
  195  13:34  Zergling x14  
  182  13:35  Zergling x22  
  197  14:01  Hatchery  
Tags
 
Add a new tag
Caveats
  • Supply blocks, unpowered buildings, or Contaminate may cause inaccurate times.
  • Supply counts are checked every 10 seconds.